 Dungeon Crawl Stone Soup version 0.25-a0-265-g7af84ae (webtiles) character file.

Game seed: 8795006216970480435, levelgen mode: deterministic

86 Blackhawk the Skirmisher (level 4, -2/35 HPs)
             Began as a Demonspawn Abyssal Knight on Dec 8, 2019.
             Was a Follower of Lugonu.
             Slain by an orc
             ... wielding a +0 mace
              (6 damage)
             ... on level 3 of the Dungeon.
             The game lasted 00:03:17 (2524 turns).

Blackhawk the Skirmisher (DsAK)                     Turns: 2524, Time: 00:03:18

Health: -2/35      AC:  4    Str: 13    XL:     4   Next: 26%
Magic:  6/6        EV: 12    Int: 13    God:    Lugonu [*.....]
Gold:   123        SH:  0    Dex: 13    Spells: 3/3 levels left

rFire    . . .     SeeInvis .   a - +1 hand axe
rCold    . . .     Gourm    .   (no shield)
rNeg     . . .     Faith    .   r - +0 leather armour
rPois    +         Spirit   .   (no helmet)
rElec    .         Reflect  .   k - +0 cloak
rCorr    +         Harm     .   (no gloves)
MR       .....                  (no boots)
Stlth    +.........             (no amulet)
HPRegen  0.11/turn              l - ring of resist corrosion
MPRegen  0.10/turn              t - ring of poison resistance

@: no status effects
A: powered by death 1
a: Depart the Abyss, Renounce Religion


You were on level 3 of the Dungeon.
You worshipped Lugonu.
Lugonu was aware of your devotion.
You were not hungry.

You visited 1 branch of the dungeon, and saw 3 of its levels.
You visited the Abyss 1 time.

You collected 123 gold pieces.

Inventory:

Hand Weapons
 a - a +1 hand axe (weapon)
 b - a +2 dagger of venom
Armour
 h - a +0 cloak
 k - a +0 cloak (worn)
 r - a +0 leather armour (worn)
Jewellery
 l - a ring of resist corrosion (left hand)
 p - an uncursed ring of magical power
 t - a ring of poison resistance (right hand)
 u - an uncursed ring of protection from cold {unknown}
Scrolls
 d - a scroll of identify {unknown}
 e - 2 scrolls of enchant weapon {unknown}
 i - a scroll of blinking {unknown}
 j - a scroll of fog {unknown}
 m - a scroll of amnesia {unknown}
 o - a scroll of teleportation {unknown}
 q - 4 scrolls of enchant armour {unknown}
 s - a scroll of remove curse {unknown}
Potions
 f - a potion of haste {unknown}
 g - a potion of heal wounds
 n - a potion of curing {unknown}
Comestibles
 c - 12 rations
 v - 6 chunks of flesh


   Skills:
 + Level 3.5 Fighting
 + Level 2.4 Axes
 + Level 2.4 Armour
 + Level 1.7 Dodging
 + Level 3.4 Invocations


You had 3 spell levels left.
You didn't know any spells.
Your spell library was empty.

Dungeon Overview and Level Annotations

Branches:
Dungeon (3/15)

Altars:
Wu Jian


Innate Abilities, Weirdness & Mutations

You regenerate a little health from kills.


Message History

You hit the orc.
You kill the orc!
Lugonu accepts your kill.
You hit the orc but do no damage. The orc hits you with a +0 mace.
* * * LOW HITPOINT WARNING * * *
You hit the orc.
The orc is lightly wounded.
The orc hits you with a +0 mace!
* * * LOW HITPOINT WARNING * * *
An orc comes into view. It is wielding a +0 war axe.
The orc shouts!
You hit the orc.
The orc is heavily wounded.
You hear a shout!
The orc closely misses you.
You barely miss the orc.
The orc is heavily wounded.
An orc comes into view. It is wielding a +0 war axe.
The orc hits you with a +0 mace.
You die...

...#.### ......<. .......
...#.# .....# ....## # #
...#.## #.'########o.#
[.###.# #..o.).o.....#
.#.#.## #@.# ..#.#.## #..#
.##.##.### #.## .........#
#.# .##.##.#.# #.#
#.#.#.##.# #####.########
##.....#.# #.......<.....
##..##.#.# #.###.....###
##..##.#.###.#####รท#...###


You could see 3 orcs.

Vanquished Creatures
  3 adders (D:2)
  A worm (D:2)
  2 dart slugs
  2 leopard geckos
  An orc (D:3)
  6 bats
  2 giant cockroaches (D:2)
  7 goblins
  6 hobgoblins
  4 jackals (D:3)
  3 kobolds
  3 ball pythons (D:2)
  3 frilled lizards
  2 rats (D:2)
45 creatures vanquished.

Notes
Turn   | Place    | Note
-------+----------+-------------------------------------------
     0 | Abyss:1  | Blackhawk the Demonspawn Abyssal Knight began the quest for
                  | the Orb.
     0 | Abyss:1  | Reached XP level 1. HP: 18/18 MP: 2/2
    11 | Abyss:1  | Found a corrupted altar of Lugonu.
    73 | Abyss:1  | Noticed a large abomination
    74 | Abyss:1  | Noticed a spatial vortex
    98 | Abyss:2  | Found a corrupted altar of Lugonu.
   128 | Abyss:2  | Noticed a large abomination
   138 | Abyss:2  | Noticed a ynoxinul
   145 | D:1      | Escaped the Abyss
   151 | D:1      | Reached skill level 1 in Dodging
   277 | D:1      | Gained mutation: You regenerate a little health from kills.
                  | [demonic ancestry]
   277 | D:1      | Reached XP level 2. HP: 24/24 MP: 4/4
  1168 | D:2      | Reached XP level 3. HP: 10/29 MP: 5/5
  1450 | D:2      | Reached * piety under Lugonu
  1463 | D:2      | Found an ornate altar of the Wu Jian Council.
  1934 | D:2      | Reached XP level 4. HP: 33/35 MP: 6/6
  2524 | D:3      | Slain by an orc

Levels and vault maps discovered:
D:1:      dpeg_arrival_connections, layout_rooms
D:2:      layout_basic, marbit_many_paths
D:3:      layout_loops_ring, minivault_11

Skill      XL: |  1  2 |
---------------+-------+-----
Dodging        | 1 |  1.7
Axes           | 2 |  2.4
Armour         | 2 |  2.4
Invocations    | 3 |  3.4
Fighting       | |  3.5

Action                   |  1- 3 |  4- 6 || total
-------------------------+-------+-------++-------
Melee: Hand axe          |   116 |    47 ||   163
Invok: Depart the Abyss  |     1 |       ||     1
 Stab: Sleeping          |     1 |       ||     1
  Eat: Chunk             |     3 |     2 ||     5
Armor: Leather armour    |    42 |    13 ||    55
Dodge: Dodged            |    89 |    33 ||   122

Table legend:
 A = Non-vault XP
 B = Vault XP
 C = Vault XP percentage of total XP
 D = Non-vault monster count
 E = Vault monster count
 F = Vault count percentage of total count
                 A         B        C        D         E       F
            +---------+---------+-------+---------+---------+-------
      Total |     122 |       1 |   0.8 |      44 |       1 |   2.2
            +---------+---------+-------+---------+---------+-------
        D:1 |      20 |       0 |   0.0 |       9 |       0 |   0.0
        D:2 |      84 |       1 |   1.2 |      27 |       1 |   3.6
        D:3 |      18 |       0 |   0.0 |       8 |       0 |   0.0
            +---------+---------+-------+---------+---------+-------
